 Dungeon Crawl Stone Soup version 0.23.2-40-g277498a001 (webtiles) character file.

Game seed: 1607495515426251614

4924 BinkBink the Carver (level 10, -2/92 HPs)
             Began as a Deep Dwarf Berserker on Sept 5, 2019.
             Was an Elder of Trog.
             Slain by a fire bat (6 damage)
             ... on level 1 of the Abyss.
             The game lasted 00:21:44 (5499 turns).

BinkBink the Carver (Deep Dwarf Berserker)          Turns: 5499, Time: 00:21:46

Health: -2/92      AC: 15    Str: 23    XL:     10   Next: 27%
Magic:  7/7        EV: 10    Int:  9    God:    Trog [****..]
Gold:   420        SH:  4    Dex: 12    Spells: 9/9 levels left

rFire    . . .     SeeInvis .   E - +3 mace (freeze)
rCold    . . .     Gourm    .   k - +0 buckler
rNeg     + . .     Faith    .   z - +0 chain mail
rPois    .         Spirit   .   h - +0 helmet
rElec    .         Reflect  .   n - +0 cloak
rCorr    +         Harm     .   x - +0 pair of gloves
MR       +....                  i - +0 pair of boots
Stlth    ..........             (no amulet)
HPRegen  0.00/turn              q - ring of positive energy
MPRegen  0.10/turn              r - ring of resist corrosion

@: flying, non-regenerating, mildly diseased, hasted, silenced, lightly drained,
very quick
A: damage resistance, heal wounds, sense surroundings 2, no regeneration
a: Heal Wounds, Renounce Religion


You were on level 1 of the Abyss.
You worshipped Trog.
Trog was greatly pleased with you.
You were near starving.

You visited 1 branch of the dungeon, and saw 8 of its levels.
You visited the Abyss 1 time.

You collected 420 gold pieces.

Inventory:

Hand Weapons
 a - a +0 falchion
 b - a +2 whip of freezing
 B - a cursed +0 quarterstaff
 D - a cursed +3 dire flail
 E - a +3 mace of freezing (weapon)
 G - a +0 rapier of protection
Missiles
 g - 73 sling bullets
Armour
 h - a +0 helmet (worn)
 i - a +0 pair of boots (worn)
 k - a +0 buckler (worn)
 n - a +0 cloak (worn)
 x - a +0 pair of gloves (worn)
 z - a +0 chain mail (worn)
Jewellery
 q - a ring of positive energy (left hand)
 r - a ring of resist corrosion (right hand)
Wands
 I - a wand of acid (10)
Scrolls
 e - 2 scrolls of magic mapping {unknown}
 f - 2 scrolls of remove curse
 j - 11 scrolls of identify
 p - a scroll of fear {unknown}
 t - a scroll of random uselessness {unknown}
 v - 2 scrolls of immolation {unknown}
 w - a scroll of enchant armour {unknown}
 y - 3 scrolls of blinking {unknown}
 C - 2 scrolls of enchant weapon {unknown}
 H - 2 scrolls of torment {unknown}
 J - a scroll of noise {unknown}
Potions
 d - 2 potions of heal wounds {unknown}
 l - 2 potions of flight
 m - a potion of cancellation {unknown}
 o - 2 potions of curing
 s - 4 potions of haste
 u - 3 potions of brilliance {unknown}
 A - a potion of resistance {unknown}
 F - a potion of might {unknown}
Comestibles
 c - 16 rations


   Skills:
 + Level 6.6(6.4) Fighting
 + Level 8.3(8.2) Long Blades
 + Level 7.5(7.4) Maces & Flails
 + Level 6.5(6.4) Armour
 + Level 6.2(6.1) Dodging
 + Level 1.2(1.1) Stealth
 + Level 2.7(2.6) Shields


You had 9 spell levels left.
You didn't know any spells.
Your spell library contained the following spells:

 Spells                   Type           Power        Failure   Level  Hunger
 Corona                   Hex            #......      97%         1    ##.....
 Ensorcelled Hibernation  Hex/Ice        #.....       99%         2    ###....
 Confuse                  Hex            #.......     100%        3    ####...
 Dazzling Spray           Conj/Hex       #.....       100%        3    ####...
 Tukima's Dance           Hex            #.......     100%        3    ####...
 Vampiric Draining        Necr           #.........   100%        3    ####...
 Leda's Liquefaction      Hex/Erth       #.........   100%        4    #####..
 Agony                    Necr           #.......     100%        5    ######.
 Bolt of Draining         Conj/Necr      #.........   100%        5    ######.
 Regeneration             Chrm/Necr      Unusable     N/A         3    N/A

Dungeon Overview and Level Annotations

Branches:
Dungeon (8/15)             Temple (0/1) D:6
   Lair: D:8-11

Altars:
Elyvilon
Hepliaklqana
Makhleb
Vehumet
Yredelemnul
Zin

Annotations:
D:4 2 transporters, EtherCrawl's ghost, novice FoFi
D:8 Psyche


Innate Abilities, Weirdness & Mutations

You are resistant to damage.
You can heal yourself by infusing magical energy.
You passively map the area around you.
You do not regenerate.


Message History

The fire bat bites you but does no damage. x2
The dream sheep ruffles its wool and motes of dream dust sparkle, to no effect.
The white imp gestures at you. The puff of frost hits you.
* * * LOW HITPOINT WARNING * * *
The fire bat bites you but does no damage.
The blink frog blinks!
The fire bat bites you but does no damage.
The dream sheep shake their wool and sparkle.
You feel drowsy...
You fall asleep.
The fire bat barely misses you. The fire bat completely misses you.
The fire bat bites you but does no damage.
The fire bat closely misses you.
You are near starving!
The fire bat bites you!
You wake up.
* * * LOW HITPOINT WARNING * * *
You are engulfed in flames.
* * * LOW HITPOINT WARNING * * *
The fire bat bites you.
You are engulfed in flames!
You die...

...... ##...
...#..##.5#
..#..... .##
..#§t.W#...##
#
.##L...#.#..#
....#.WY#....#
.#.#§..xb##...
. .###.##b##.
#.. ..#.##@#
#..##. # ###
.. . ##.


You could see a lich, an apocalypse crab, 2 silent spectres, a worldbinder, 2
fire bats and a dream sheep.

Vanquished Creatures
  Harold (D:8)
  A two-headed ogre (D:6)
  Pikel (D:5)
  Prince Ribbit (D:8)
  A hippogriff (D:6)
  An orc warrior (D:6)
  2 ice beasts (D:5)
  2 slaves (D:5)
  4 ogres
  3 centaurs
  A crocodile (D:8)
  4 bullfrogs
  A scorpion (D:5)
  8 wights
  2 crimson imps
  A bullfrog zombie (D:8)
  A bullfrog skeleton (D:4)
  A jelly (D:7)
  A centaur skeleton (D:5)
  A gnoll shaman (D:7)
  8 orc priests
  5 hounds
  7 orc wizards
  A hound skeleton (D:5)
  A hound zombie (D:6)
  10 gnolls
  9 adders
  2 shadow imps
  2 oozes
  An adder zombie (D:5)
  An adder skeleton (D:4)
  3 dart slugs
  3 leopard geckos
  42 orcs
  6 bats
  3 giant cockroaches
  9 goblins
  15 hobgoblins
  10 jackals
  14 kobolds
  2 quokkas
  13 frilled lizards
  A giant cockroach zombie (D:5)
  2 gnoll zombies (D:3)
  A jackal skeleton (D:5)
  2 leopard gecko skeletons
  8 rats
219 creatures vanquished.

Notes
Turn   | Place    | Note
-------+----------+-------------------------------------------
     0 | D:1      | BinkBink the Deep Dwarf Berserker began the quest for the
                  | Orb.
     0 | D:1      | Reached XP level 1. HP: 20/20 MP: 1/1
   137 | D:1      | Reached XP level 2. HP: 14/28 MP: 2/2
   652 | D:2      | Reached ** piety under Trog
   676 | D:2      | Found a radiant altar of Vehumet.
   683 | D:2      | Reached XP level 3. HP: 34/34 MP: 3/3
   788 | D:2      | Reached skill level 4 in Long Blades
   788 | D:2      | Reached XP level 4. HP: 32/42 MP: 4/4
  1296 | D:3      | Reached skill level 1 in Stealth
  1446 | D:3      | Reached XP level 5. HP: 35/49 MP: 5/5
  1447 | D:3      | Reached *** piety under Trog
  1545 | D:3      | Found a basalt altar of Yredelemnul.
  1658 | D:4      | Noticed an ogre
  1658 | D:4      | Noticed EtherCrawl's ghost (novice FoFi)
  1659 | D:4      | Found a transporter.
  1666 | D:4      | Found a transporter.
  1674 | D:4      | Identified the +6 dire flail "Lupp" {elec, rN+}
  1674 | D:4      | Noticed an ogre
  1779 | D:4      | Noticed an ogre
  1795 | D:4      | Killed an ogre
  1795 | D:4      | Reached skill level 5 in Long Blades
  1795 | D:4      | Reached XP level 6. HP: 12/56 MP: 6/6
  2013 | D:4      | Reached XP level 7. HP: 37/64 MP: 7/7
  2019 | D:4      | Found a burning altar of Makhleb.
  2032 | D:4      | Noticed a green death
  2034 | D:4      | Found a glowing silver altar of Zin.
  2034 | D:4      | Noticed an angel
  2109 | D:4      | Reached skill level 1 in Shields
  2302 | D:5      | Entered Level 5 of the Dungeon
  2323 | D:5      | Reached skill level 6 in Long Blades
  2336 | D:5      | Found a white marble altar of Elyvilon.
  2740 | D:5      | Reached skill level 5 in Dodging
  2782 | D:5      | Reached skill level 7 in Long Blades
  2782 | D:5      | Reached XP level 8. HP: 44/73 MP: 6/6
  2811 | D:5      | Reached skill level 5 in Fighting
  2854 | D:5      | Reached **** piety under Trog
  3043 | D:5      | Noticed Pikel
  3075 | D:5      | Killed Pikel
  3075 | D:5      | Reached skill level 8 in Long Blades
  3386 | D:6      | Reached skill level 1 in Maces & Flails
  3524 | D:6      | Gained mutation: You passively map the area around you.
                  | [Deep Dwarf growth]
  3524 | D:6      | Reached XP level 9. HP: 65/81 MP: 6/6
  3539 | D:6      | Found a staircase to the Ecumenical Temple.
  3591 | D:6      | Found a hazy altar of Hepliaklqana.
  3755 | D:6      | Noticed a two-headed ogre
  3771 | D:6      | Killed a two-headed ogre
  3771 | D:6      | Reached skill level 5 in Armour
  4146 | D:6      | Reached skill level 5 in Maces & Flails
  4530 | D:7      | Reached ***** piety under Trog
  5065 | D:8      | Noticed Harold
  5088 | D:8      | Killed Harold
  5088 | D:8      | Reached XP level 10. HP: 79/92 MP: 7/7
  5104 | D:8      | Noticed Prince Ribbit
  5149 | D:8      | Killed Prince Ribbit
  5352 | D:8      | Noticed Psyche
  5365 | D:8      | Cast into level 1 of the Abyss (Psyche)
  5387 | Abyss:1  | Identified Huocimask's Almanac of Unholy Earth
  5466 | Abyss:1  | Noticed a lich
  5481 | Abyss:1  | Noticed a worldbinder
  5482 | Abyss:1  | Noticed an apocalypse crab
  5484 | Abyss:1  | Noticed a spiny frog
  5499 | Abyss:1  | HP: 4/92 [fire bat (3)]
  5499 | Abyss:1  | Slain by a fire bat

Skill      XL: |  1  2  3  4  5  6  7  8  9 10 |
---------------+-------------------------------+-----
Fighting       | 3 4 5 6 |  6.6
Long Blades    | 4 5 7 8 |  8.3
Stealth        | 1 |  1.2
Dodging        | 3 4 5 6 |  6.2
Armour         | 3 4 6 |  6.5
Shields        | 1 2 |  2.7
Maces & Flails | 1 6 7 |  7.5

Action                   |  1- 3 |  4- 6 |  7- 9 | 10-12 || total
-------------------------+-------+-------+-------+-------++-------
Melee: Falchion          |    92 |   200 |   316 |       ||   608
       Whip              |       |       |   229 |       ||   229
       Mace              |       |       |    98 |    57 ||   155
       Unarmed           |       |       |       |     3 ||     3
Invok: Trog's Hand       |       |     3 |     8 |     2 ||    13
       Berserk           |       |       |     4 |     1 ||     5
 Abil: Heal Wounds       |     1 |     6 |    20 |     2 ||    29
  Use: Scroll            |       |       |     2 |       ||     2
       Potion            |       |       |       |     3 ||     3
 Stab: Sleeping          |     1 |     1 |       |       ||     2
  Eat: Chunk             |       |     5 |    16 |       ||    21
       Ration            |       |       |       |     1 ||     1
Armor: Leather armour    |    30 |    61 |   109 |       ||   200
       Chain mail        |       |       |   123 |    71 ||   194
       Ring mail         |       |       |     1 |       ||     1
       Skin              |       |       |       |     1 ||     1
Dodge: Dodged            |    72 |   139 |   337 |    65 ||   613
Block: Buckler           |       |    28 |    94 |    20 ||   142
       Rpst.: Falchion   |    22 |    40 |    67 |       ||   129
